AoeStats
← RabidRabbit

Fortress

509732935Analyzed
2v2 RM · 6d ago on Sep 27, 2026· 51m 0s· 4 players
Game mode
Random Map
Map size
Normal (6 player)
Population
200
Speed
Normal
Resources
Standard
Victory
Conquest
Starting age
Dark Age
Ending age
Imperial Age
RankedLock teamsTeams togetherTeam positionsShared explorationLock speedFull tech treeHidden civsTurbo modeCheats
Victory
Defeat
🇺🇸 Burgundians · United States
732
+14
🇺🇸 Bohemians · United States
716
+14
🇮🇹 Teutons · Italy
693
-14
🇮🇹 Goths · Italy
673
-14
RabidRabbit
3:38 Loom
9:42 Feudal Age
10:14 Double-Bit Axe
10:11 Horse Collar
11:09 Wheelbarrow
16:05 Castle Age
13:34 Man-at-Arms
14:18 Scale Mail Armor
15:41 Forging
17:07 Bow Saw
17:49 Hand Cart
18:31 Stone Mining
18:32 Gold Mining
19:09 Long Swordsman
19:50 Squires
20:00 Pikeman
21:30 Hand Cart
22:37 Caravan
24:32 Iron Casting
24:01 Anarchy
24:34 Heavy Plow
25:19 Chain Mail Armor
28:33 Fletching
32:13 Imperial Age
30:59 Bodkin Arrow
33:18 Ballistics
32:54 Murder Holes
33:46 Stone Shaft Mining
32:40 Elite Huskarl
33:22 Perfusion
35:43 Masonry
37:02 Guilds
37:14 Halberdier
39:30 Blast Furnace
38:32 Bracer
39:10 Conscription
39:47 Onager
41:53 Padded Archer Armor
41:16 Two-Handed Swordsman
43:25 Town Watch
47:08 Champion
48:22 Architecture
48:50 Treadmill Crane
51:09 Two-Man Saw
52:11 Chemistry
max.picozzi
0:47 Loom
11:27 Feudal Age
13:27 Wheelbarrow
12:40 Town Watch
12:42 Double-Bit Axe
12:50 Gold Mining
12:50 Stone Mining
12:42 Horse Collar
16:41 Castle Age
16:57 Bloodlines
17:48 Bow Saw
18:16 Stone Shaft Mining
17:44 Heavy Plow
19:50 Town Patrol
22:09 Hand Cart
22:38 Scale Barding Armor
37:18 Imperial Age
35:35 Ballistics
37:27 Chain Barding Armor
37:18 Forging
36:39 Crossbowman
41:53 Coinage
41:23 Caravan
41:36 Guilds
42:32 Plate Barding Armor
42:33 Iron Casting
41:26 Cavalier
45:04 Paladin
46:54 Blast Furnace
46:00 Padded Archer Armor
45:52 Fletching
48:46 Leather Archer Armor
50:25 Conscription
50:45 Banking
JOE.GOAT
8:13 Feudal Age
12:55 Castle Age
11:24 Double-Bit Axe
12:22 Horse Collar
17:26 Wheelbarrow
16:37 Loom
16:37 Town Watch
17:06 Bow Saw
19:01 Hand Cart
19:41 Town Patrol
21:07 Fervor
22:45 Sanctity
23:10 Heavy Plow
23:27 Wagenburg Tactics
24:02 Caravan
27:59 Chemistry
30:23 Imperial Age
32:51 Two-Man Saw
32:29 Conscription
34:02 Murder Holes
34:35 Houfnice
34:44 Pikeman
35:24 Squires
35:46 Hussite Reforms
36:56 Forging
36:37 Fletching
36:48 Padded Archer Armor
37:42 Elite Hussite Wagon
38:56 Fortified Wall
38:33 Halberdier
39:19 Scale Mail Armor
39:57 Iron Casting
39:17 Bodkin Arrow
39:38 Leather Archer Armor
mtcossack
7:45 Feudal Age
6:12 Double-Bit Axe
6:10 Horse Collar
6:47 Gold Mining
9:01 Bow Saw
9:08 Heavy Plow
13:52 Castle Age
14:02 Gold Shaft Mining
14:24 Scale Barding Armor
16:50 Burgundian Vineyards
17:57 Wheelbarrow
18:05 Crop Rotation
18:00 Town Watch
18:08 Loom
19:59 Hand Cart
19:14 Cavalier
19:49 Stone Mining
21:35 Chain Barding Armor
22:19 Two-Man Saw
21:21 Town Patrol
23:39 Caravan
24:09 Forging
23:50 Fletching
24:33 Husbandry
25:58 Stone Shaft Mining
26:00 Iron Casting
25:48 Ballistics
33:29 Imperial Age
33:42 Paladin
35:09 Plate Barding Armor
35:35 Blast Furnace
34:30 Bodkin Arrow
34:19 Treadmill Crane
36:23 Conscription
37:51 Chemistry
37:04 Masonry
37:44 Hoardings
37:21 Capped Ram
38:31 Light Cavalry
39:29 Hussar
40:30 Padded Archer Armor
40:31 Bracer
42:06 Leather Archer Armor
42:28 Architecture
51:33 Sanctity
51:24 Fervor
Connection lost

Rejoining the realm…

Still unreachable

The connection could not be restored.

Session expired

The server has moved on; the page needs a fresh start.